 Dungeon Crawl Stone Soup version 0.29-a0-110-g189f89ecda (webtiles) character file.

Game seed: 2133677784319308696

60 Murumi the Skirmisher (level 3, -3/33 HPs)
             Began as a Minotaur Fighter on Feb 17, 2022.
             Slain by Crazy Yiuf (8 damage)
             ... on level 2 of the Dungeon.
             The game lasted 00:06:26 (1974 turns).

Murumi the Skirmisher (Minotaur Fighter)            Turns: 1974, Time: 00:06:27

Health: -3/33      AC:  8    Str: 20    XL:     3   Next: 80%
Magic:  0/2        EV:  9    Int:  7    God:
Gold:   115        SH:  4    Dex:  9    Spells: 2/2 levels left

rFire   . . .      SeeInvis .   a - +0 flail (spect)
rCold   . . .      Faith    .   c - +0 buckler
rNeg    + . .      Spirit   .   b - +0 scale mail
rPois   .          Reflect  .   (helmet restricted)
rElec   .          Harm     .   g - +0 cloak
rCorr   .          Rampage  .   (no gloves)
Will    .....                   (no boots)
Stlth   ..........              (no amulet)
HPRegen 0.11/turn               j - ring of positive energy
MPRegen 0.08/turn               (no ring)

@: no status effects
A: horns 2, retaliatory headbutt
a: no special abilities


You were on level 2 of the Dungeon.
You visited 1 branch of the dungeon, and saw 2 of its levels.

You collected 115 gold pieces.

Inventory:

Hand Weapons
 a - a +0 spectral flail (weapon)
 f - a +0 hunting sling
Missiles
 h - 59 stones
Armour
 b - a +0 scale mail (worn)
 c - a +0 buckler (worn)
 g - a +0 cloak (worn)
Jewellery
 j - a ring of positive energy (left hand)
Potions
 d - 2 potions of might
 e - a potion of attraction
 i - a potion of ambrosia {unknown}
 k - a potion of lignification {unknown}


   Skills:
 - Level 4.0 Fighting
 - Level 3.0 Maces & Flails
 - Level 2.0 Slings
 - Level 4.0 Armour
 + Level 1.2 Dodging
 - Level 4.0 Shields


You had 2 spell levels left.
You didn't know any spells.
Your spell library was empty.

Dungeon Overview and Level Annotations

Branches:
Dungeon (2/15)

Altars:
Yredelemnul

Annotations:
D:2 Crazy Yiuf


Innate Abilities, Weirdness & Mutations

You have a pair of horns on your head.
You reflexively headbutt those who attack you in melee.


Message History

Press: ? - help, Q - select action Shift-Dir - straight line, f - endoplasm
Aim: an endoplasm (85% to hit)
You shoot a stone. The stone barely misses the endoplasm.
Fire: 59 stones
Press: ? - help, Q - select action Shift-Dir - straight line, f/p - endoplasm
Aim: an endoplasm (85% to hit)
You shoot a stone. The stone barely misses the endoplasm.
Fire: 58 stones
Press: ? - help, Q - select action Shift-Dir - straight line, f/p - endoplasm
Aim: an endoplasm (85% to hit)
You shoot a stone. The stone hits the endoplasm.
You kill the endoplasm!
h - 58 stones (gained 1)
h - 59 stones (gained 1)
There is an open door here.
Crazy Yiuf shouts!
You feel a bond with your +0 spectral flail.
a - a +0 spectral flail (weapon)
You open the door.
Crazy Yiuf laughs, "Rifle foot illywillydillykilly!"
You thump Crazy Yiuf!
Crazy Yiuf is moderately wounded.
Crazy Yiuf hits you with a +3 quarterstaff of chaos.
You feel your power leaking away.
You hit Crazy Yiuf.
Crazy Yiuf is heavily wounded.
You block Crazy Yiuf's attack.
You closely miss Crazy Yiuf. Your headbutt misses Crazy Yiuf.
Crazy Yiuf is heavily wounded.
Crazy Yiuf hits you but does no damage.
Crazy Yiuf hits you with a +3 quarterstaff of chaos.
You thump Crazy Yiuf! Your headbutt misses Crazy Yiuf.
Crazy Yiuf is almost dead.
Crazy Yiuf hits you with a +3 quarterstaff of chaos!
You are electrocuted!
* * * LOW HITPOINT WARNING * * *
You hit Crazy Yiuf.
Crazy Yiuf is almost dead.
Crazy Yiuf hits you with a +3 quarterstaff of chaos!
You die...

.................................
...#####.........................
...#...............##.........#..
####....#################.._.....
#.....# #......... #.....#
#......... #.....##♣♣ **###
#......... #.....#..♣♣ ♣♣#..)#
#......... #.........♣♣♣♣@g...#
#......... #..........♣..♣#...#
#......... #.)...#...♣.♣♣♣**###
#......#.. #.....##♣♣♣♣♣
#......### #.....# #......#
#.....## #......# #......#
######## #......# ########


You could see Crazy Yiuf.

Vanquished Creatures
  2 adders (D:2)
  2 dart slugs (D:1)
  3 ball pythons (D:1)
  6 endoplasms
  4 giant cockroaches
  2 hobgoblins (D:1)
  3 jackals (D:1)
  2 quokkas (D:1)
  3 bats
  2 frilled lizards
  A goblin (D:2)
  2 kobolds (D:1)
  2 rats
34 creatures vanquished.

Vanquished Creatures (others)
  4 plants (D:1)
4 creatures vanquished.

Grand Total: 38 creatures vanquished

Notes
Turn   | Place    | Note
-------+----------+-------------------------------------------
     0 | D:1      | Murumi the Minotaur Fighter began the quest for the Orb.
     0 | D:1      | Reached XP level 1. HP: 19/19 MP: 0/0
   153 | D:1      | Reached XP level 2. HP: 27/27 MP: 1/1
   635 | D:1      | Found a faded altar of an unknown god.
   659 | D:1      | Reached XP level 3. HP: 33/33 MP: 2/2
   709 | D:1      | Reached skill level 1 in Slings
  1030 | D:2      | Reached skill level 1 in Dodging
  1185 | D:2      | Found a runed translucent door.
  1186 | D:2      | Noticed Crazy Yiuf
  1296 | D:2      | Found a basalt altar of Yredelemnul.
  1974 | D:2      | Slain by Crazy Yiuf

Illustrated notes

Levels and vault maps discovered:
D:1:      sevenhm_arrival_forest_fort_large_3, layout_basic,
          shapermc_ecumenical_altar_mp_ritualfount, serial_bayou_lake_a
D:2:      wander_river, layout_basic, basic_altar, uniq_crazy_yiuf_cottage

Skill      XL: |  1  2  3 |
---------------+----------+-----
Fighting       | 4 |  4.0
Armour         | 4 |  4.0
Shields        | 4 |  4.0
Maces & Flails | 3 |  3.0
Slings         | 2 |  2.0
Dodging        | 1 |  1.2

Action                   || total
-------------------------++-------
Melee: Flail             ||    44
       Headbutt          ||     4
 Fire: Hunting sling     ||    43
  Use: Scroll            ||     6
Armor: Scale mail        ||    15
Dodge: Dodged            ||    23
Block: Buckler           ||    10

Table legend: (Time is in decaauts)
 A = Elapsed time spent in this place.
 B = Non-inter-level travel time spent in this place.
 C = Inter-level travel time spent in this place.
 D = Time resting spent in this place.
 E = Time spent auto-exploring this place.
 F = Levels seen in this place.
 G = Mean time per level.
                   A        B        C        D        E       F      G
               +--------+--------+--------+--------+--------+-----+--------+
         Total |   2025 |   1907 |    118 |     22 |   1621 |   2 | 1012.5 |
       Dungeon |   2025 |   1907 |    118 |     22 |   1621 |   2 | 1012.5 |
               +--------+--------+--------+--------+--------+-----+--------+

Top non-repeatable levels by time:
     D:1: 1071 daAuts
     D:2: 953 daAuts
